 Dungeon Crawl Stone Soup version 0.20.0-10-g0535bb4 (webtiles) character file.

10 Gorglomux the Ducker (level 2, -1/11 HPs)
             Began as a Felid Ice Elementalist on June 3, 2017.
             Slain by a jackal (3 damage)
             ... on level 1 of the Dungeon.
             The game lasted 00:02:59 (526 turns).

Gorglomux the Ducker (Felid Ice Elementalist)        Turns: 526, Time: 00:03:00

Health: -1/11      AC:  1    Str:  4    XL:     2   Next: 10%
Magic:  4/6        EV: 19    Int: 16    God:
Gold:   0          SH:  0    Dex: 16    Spells: 4/5 levels left
                                        Lives:  0   Deaths: 0

rFire    . . .     SeeInvis +   (weapon unavailable)
rCold    . . .     Gourm    .   (shield unavailable)
rNeg     . . .     Faith    .   (armour unavailable)
rPois    .         Spirit   .   (helmet unavailable)
rElec    .         Reflect  .   (cloak unavailable)
rCorr    .         Harm     .   (gloves unavailable)
MR       .....                  (boots unavailable)
Stlth    +++.......             (no amulet)
Regen    0.1/turn               (no ring)
MPRegen  0.1/turn               (no ring)

@: quick
A: no armour, no weapons or thrown items, stealth, claws 1, fangs 3, see
invisible, carnivore 3, speed 1, shaggy fur 1, slow metabolism 1, sharp paws
a: no special abilities


You were on level 1 of the Dungeon.
You were not hungry.

You visited 1 branch of the dungeon, and saw 1 of its levels.

Inventory:

Books
 a - a book of Frost

   Spells                             Type                      Level
   a - Freeze                         Ice                          1
   b - Throw Frost                    Conjuration/Ice              2
   c - Ozocubu's Armour               Charms/Ice                   3
   d - Throw Icicle                   Conjuration/Ice              4
   e - Summon Ice Beast               Ice/Summoning                4
Comestibles
 z - a meat ration
 A - a royal jelly


   Skills:
 + Level 3.8 Dodging
 - Level 2.6 Stealth
 - Level 2.0 Spellcasting
   Level 0.8 Conjurations
 - Level 2.6 Ice Magic


You had 4 spell levels left.
You knew the following spells:

 Your Spells              Type           Power        Failure   Level  Hunger
a - Freeze                Ice            ##..         7%          1    #......


Dungeon Overview and Level Annotations

Branches:
Dungeon (1/15)

Altars:


Innate Abilities, Weirdness & Mutations

You cannot wear armour.
You are incapable of wielding weapons or throwing items.
Your paws allow you to move quietly. (Stealth)
You have sharp claws.
You have razor-sharp teeth.
You have supernaturally acute eyesight. (SInv)
You are carnivorous and can eat meat at any time.
You cover ground quickly.
You are covered in fur. (AC +1)
You have a slow metabolism.
Your sharp claws are effective at attacking unaware monsters.


Message History

A jackal comes into view.
The jackal misses you.
You see here a whip.
A hobgoblin comes into view. It is wielding a club.
The jackal barely misses you.
A dart slug comes into view.
A leopard gecko comes into view.
The dart slug launches a dart at you. The slug dart hits you!
* * * LOW HITPOINT WARNING * * *
A hobgoblin comes into view.
The jackal barely misses you. The dart slug launches a dart at you.
The slug dart misses you.
The kobold shouts!
The jackal closely misses you.
A jackal comes into view.
The jackal misses you. The jackal barely misses you. The jackal bites you.
You die...

...........?......#.....###.....#
...#####..######......#...%.#####
....# #..## ##....#........##
....###.#######.....#.........#
....w.....w.........#.....[...#
###.###.####..l..#..#.†......)#
...........##.#..K............#
####...###......#h.##..h......#
..............h@..##.....h...#
###..#..≈###########÷...b....#
....#.>≈ ##..######.........#
#.##.#≈.≈ #.####.÷##.........# ..
..#.(≈ ##...###...........#
#≈..######.#.###........#
####.≈.<#.#§§####.......#
###....#.#§#.# #.......#
#...##..##.#..# ##..#####


You could see a dart slug, a leopard gecko, 2 jackals and a kobold.

Vanquished Creatures
  A hobgoblin (D:1)
  4 jackals (D:1)
  2 bats (D:1)
  A kobold (D:1)
  2 rats (D:1)
10 creatures vanquished.

Notes
Turn   | Place    | Note
-------+----------+-------------------------------------------
     0 | D:1      | Gorglomux the Felid Ice Elementalist began the quest for the Orb.
     0 | D:1      | Reached XP level 1. HP: 7/7 MP: 4/4
    76 | D:1      | Reached skill level 3 in Dodging
   437 | D:1      | Reached XP level 2. HP: 8/11 MP: 1/6
   526 | D:1      | Slain by a jackal

Skill      XL: |  1 |
---------------+----+-----
Dodging        | 3 |  3.8
Stealth        | |  2.6
Spellcasting   | |  2.0
Conjurations   | |  0.8
Ice Magic      | |  2.6

Action                   || total
-------------------------++-------
Melee: Unarmed           ||     9
 Cast: Freeze            ||    17
Armor: Skin              ||     4
Dodge: Dodged            ||    49
